 Dungeon Crawl Stone Soup version 0.21.1-1-g345015f (webtiles) character file.

58 goulibeur the Unweaver (level 3, -2/29 HPs)
             Began as a Demonspawn Abyssal Knight on July 22, 2018.
             Was a Follower of Lugonu.
             Slain by a black bear (3 damage)
             ... on level 2 of the Dungeon.
             The game lasted 00:03:37 (1596 turns).

goulibeur the Unweaver (Demonspawn Abyssal Knight)  Turns: 1596, Time: 00:03:39

Health: -2/29      AC:  9    Str: 12    XL:     3   Next: 75%
Magic:  5/5        EV: 10    Int: 13    God:    Lugonu [*.....]
Gold:   57         SH:  0    Dex: 13    Spells: 2/2 levels left

rFire    . . .     SeeInvis .   a - +1 short sword
rCold    . . .     Gourm    .   (no shield)
rNeg     . . .     Faith    .   d - +0 ring mail
rPois    .         Spirit   .   m - +1 helmet
rElec    .         Reflect  .   (no cloak)
rCorr    .         Harm     .   (no gloves)
MR       .....                  (no boots)
Stlth    ..........             (no amulet)
HPRegen  0.09/turn              (no ring)
MPRegen  0.09/turn              (no ring)

@: no status effects
A: hooves 1, yellow scales 1
a: Depart the Abyss, Renounce Religion


You were on level 2 of the Dungeon.
You worshipped Lugonu.
Lugonu was aware of your devotion.
You were not hungry.

You visited 1 branch of the dungeon, and saw 2 of its levels.
You visited the Abyss 1 time.

You collected 57 gold pieces.

Inventory:

Hand Weapons
 a - a +1 short sword (weapon)
Armour
 b - a +0 leather armour
 d - a +0 ring mail (worn)
 l - a +0 helmet
 m - a +1 helmet (worn)
Scrolls
 e - 2 scrolls of enchant armour {unknown}
 f - 3 scrolls of identify {unknown}
 h - a scroll of amnesia {unknown}
 i - a scroll of random uselessness {unknown}
Potions
 g - a potion of degeneration {unknown}
 j - a potion of curing {unknown}
 k - a potion of haste {unknown}
 n - a potion of mutation {unknown}
Comestibles
 c - 4 rations
 o - a chunk of flesh


   Skills:
 + Level 3.4 Fighting
 - Level 1.7 Short Blades
 + Level 2.2 Armour
 + Level 1.6 Dodging
 * Level 3.9 Invocations


You had 2 spell levels left.
You didn't know any spells.

Dungeon Overview and Level Annotations

Branches:
Dungeon (2/15)

Altars:


Innate Abilities, Weirdness & Mutations

You have large cloven feet.
You are partially covered in yellow scales. (AC +2)


Message History

You barely miss the black bear. Your kick misses the black bear.
The black bear is severely wounded.
The black bear closely misses you.
The black bear claws you but does no damage. x2
You hit the black bear.
The black bear is almost dead.
The black bear goes berserk!
You barely miss the black bear. You kick the black bear.
The black bear is almost dead.
The black bear bites you but does no damage.
The black bear barely misses you. The black bear misses you.
The black bear bites you but does no damage.
The black bear claws you but does no damage. x2
You hit the black bear. You kick the black bear.
The black bear is almost dead.
The black bear bites you!
* * * LOW HITPOINT WARNING * * *
The black bear claws you but does no damage.
The black bear claws you.
You die...

#.# #....# #. #.# #...## .
#.# ##### .# . #.# ...#. #.#
.#...# #.# ...#..#####
#.###########
.#........####.##........####
..........lh@#.##.#####......
##l....##.##....#.# #..###.
#....# #.##......# #..# #.
#.#.. #.##..)...# #..###. #
## #.####.#### #...##. #.#
#.# #.#.##. <. ..# #.#
#.#.##. #.#### ##'## #.#.##.
#.# ##...## #......


You could see a black bear (berserk) and a frilled lizard.

Vanquished Creatures
  2 adders (D:2)
  A worm (D:2)
  3 dart slugs (D:1)
  2 leopard geckos (D:1)
  2 giant cockroaches (D:1)
  6 goblins
  2 hobgoblins (D:1)
  4 bats
  4 frilled lizards (D:1)
  3 kobolds (D:1)
  A rat (D:1)
30 creatures vanquished.

Notes
Turn   | Place    | Note
-------+----------+-------------------------------------------
     0 | Abyss:1  | goulibeur the Demonspawn Abyssal Knight began the quest for the Orb.
     0 | Abyss:1  | Reached XP level 1. HP: 18/18 MP: 2/2
   113 | Abyss:1  | Noticed a wretched star
   113 | D:1      | Escaped the Abyss
   162 | D:1      | Reached skill level 1 in Dodging
   340 | D:1      | Gained mutation: You have large cloven feet. [demonic ancestry]
   340 | D:1      | Reached XP level 2. HP: 24/24 MP: 4/4
   393 | D:1      | Reached * piety under Lugonu
   799 | D:1      | Gained mutation: You are partially covered in yellow scales. (AC +2) [demonic ancestry]
   799 | D:1      | Reached XP level 3. HP: 26/29 MP: 5/5
  1565 | D:2      | Noticed a black bear
  1596 | D:2      | HP: 1/29 [black bear (8)]
  1596 | D:2      | Slain by a black bear

Skill      XL: |  1  2 |
---------------+-------+-----
Dodging        | 1 |  1.6
Invocations    | 3 |  3.9
Armour         | 2 |  2.2
Fighting       | |  3.4
Short Blades   | |  1.7

Action                   || total
-------------------------++-------
Melee: Short sword       ||   128
       Kick              ||    27
Invok: Depart the Abyss  ||     1
  Eat: Chunk             ||     2
Armor: Ring mail         ||    64
Dodge: Dodged            ||    68
